 Dungeon Crawl Stone Soup version 0.27-a0-592-g0306a34022 (webtiles) character file.

Game seed: 18035824011088692085

1493 sahdkjhfkaj the Geomancer (level 8, -5/41 HPs)
             Began as a Gargoyle Earth Elementalist on Mar 10, 2021.
             Slain by Duvessa
             ... wielding a +6 rapier
              (14 damage)
             ... on level 6 of the Dungeon.
             The game lasted 00:05:53 (5235 turns).

sahdkjhfkaj the Geomancer (GrEE)                    Turns: 5235, Time: 00:05:54

Health: -5/41      AC: 12    Str: 11    XL:     8   Next: 80%
Magic:  2/11       EV: 11    Int: 19    God:
Gold:   287        SH:  0    Dex: 10    Spells: 5/11 levels left

rFire    . . .     SeeInvis +   a - +2 short sword (drain)
rCold    . . .     Faith    .   (no shield)
rNeg     + . .     Spirit   .   c - +0 robe
rPois    ∞         Reflect  .   m - +2 helmet
rElec    +         Harm     .   (no cloak)
rCorr    .         Rampage  .   k - +0 pair of gloves
Will     .....                  e - +0 pair of boots
Stlth    ++........             q - amulet of magic regeneration
HPRegen  0.13/turn              x - ring of see invisible
MPRegen  0.37/turn              (no ring)

@: no status effects
A: negative energy resistance 1, electricity resistance, torment resistance 1,
unbreathing 1, petrification resistance, AC +5
a: no special abilities


You were on level 6 of the Dungeon.
You visited 1 branch of the dungeon, and saw 6 of its levels.

You collected 287 gold pieces.

Inventory:

Hand Weapons
 a - a +2 short sword of draining (weapon)
Missiles
 r - 30 poisoned darts
 s - 42 stones
Armour
 c - a +0 robe (worn)
 e - a +0 pair of boots (worn)
 k - a +0 pair of gloves (worn)
 m - a +2 helmet (worn)
 A - a +0 cloak
Jewellery
 q - an amulet of magic regeneration (around neck)
 x - a ring of see invisible (right hand)
Wands
 p - a wand of paralysis (10)
Scrolls
 b - 2 scrolls of magic mapping {unknown}
 d - a scroll of identify {unknown}
 j - a scroll of immolation {unknown}
 o - 4 scrolls of blinking {unknown}
 u - a scroll of teleportation {unknown}
 v - a scroll of amnesia
 w - 3 scrolls of fear {unknown}
 y - a scroll of enchant weapon {unknown}
 D - a scroll of random uselessness {unknown}
Potions
 f - a potion of cancellation {unknown}
 g - 2 potions of heal wounds {unknown}
 h - 2 potions of brilliance {unknown}
 i - 3 potions of lignification {unknown}
 l - a potion of attraction {unknown}
 n - a potion of curing {unknown}
 t - a potion of magic {unknown}
 z - 3 potions of might {unknown}
 B - a potion of invisibility {unknown}
 C - a potion of degeneration {unknown}


   Skills:
 - Level 1.5 Dodging
 - Level 2.1 Stealth
 - Level 2.0 Spellcasting
 - Level 0.7 Transmutations
 + Level 12.8 Earth Magic


You had 5 spell levels left.
You knew the following spells:

 Your Spells              Type           Power      Damage    Failure   Level
a - Sandblast             Erth           100%       2d20      1%          1
e - Lee's Rapid Deconstr  Erth           25%        3d15*     2%          5

Your spell library contained the following spells:

 Spells                   Type           Power      Damage    Failure   Level
 Passwall                 Tmut/Erth      22%        N/A       1%          2
 Stone Arrow              Conj/Erth      52%        3d10      3%          3
 Petrify                  Tmut/Erth      27%        N/A       11%         4
 Beastly Appendage        Tmut           8%         N/A       13%         1
 Magic Dart               Conj           4%         1d3       17%         1
 Wereblood                Tmut           4%         N/A       19%         2
 Searing Ray              Conj           2%         3d3       26%         2
 Spider Form              Tmut/Pois      1%         N/A       41%         3
 Dazzling Flash           Conj/Hex       2%         N/A       45%         3
 Ice Form                 Ice/Tmut       3%         N/A       82%         4
 Fulminant Prism          Conj/Hex       0%         3d6       86%         4
 Iskenderun's Mystic Bla  Conj/Tloc      1%         2d3       86%         4
 Blade Hands              Tmut           2%         N/A       98%         5


Dungeon Overview and Level Annotations

Branches:
Dungeon (6/15)
 Temple: D:4-7

Altars:
Gozag
Hepliaklqana
Makhleb
Sif Muna
Zin

Shops:
D:4 !

Annotations:
D:6 Duvessa


Innate Abilities, Weirdness & Mutations

Your stone body is resilient. (AC +5)
You are immune to poison.
You resist negative energy. (rN+)
You are resistant to electric shocks. (rElec)
You are resistant to unholy torment.
You can survive without breathing.
You are immune to petrification.


Message History

Duvessa hits you with a +6 rapier.
The shadow imp grinds its teeth.
Duvessa hits you with a +6 rapier. Duvessa hits you with a +6 rapier.
Casting: Lee's Rapid Deconstruction (quite dangerous; 2% risk of failure)
Confirm with . or Enter, or press ? or * to list all spells.
The spell is quite dangerous to cast (2% risk of failure)!
Continue anyway?
Aiming: Lee's Rapid Deconstruction (quite dangerous; 2% risk of failure)
Press: ? - help, Dir - move target A rock wall.
The wall shatters!
The blast of rock fragments hits Dowan!
Dowan is heavily wounded.
The blast of rock fragments hits the shadow imp!!
You kill the shadow imp!
The blast of rock fragments hits Duvessa!
Duvessa is moderately wounded.
Unknown command.
Casting: Lee's Rapid Deconstruction (quite dangerous; 2% risk of failure)
Confirm with . or Enter, or press ? or * to list all spells.
The spell is quite dangerous to cast (2% risk of failure)!
Continue anyway?
Aiming: Lee's Rapid Deconstruction (quite dangerous; 2% risk of failure)
Press: ? - help, Dir - move target A rock wall.
The wall shatters!
The blast of rock fragments hits Dowan!
You kill Dowan!
Duvessa screams in rage.
Duvessa goes berserk!
The blast of rock fragments hits Duvessa!
Duvessa is heavily wounded.
Duvessa hits you with a +6 rapier!
* * * LOW HITPOINT WARNING * * *
Unknown command.
Okay, then.
Okay, then.
As you read the scroll labelled RULEPP SELE, it crumbles to dust.
It is a scroll of amnesia.
Really abort (and waste the scroll)?
Okay, then.
Duvessa hits you with a +6 rapier!
You die...

#....# .# ####.##.# #†.#.##
#.....# #.....# #.....#
#.....# ##############.....#
#.........)e@......#
#.###############.###########
#.# #>........... #5#
############# . #.# #..... .
#.# #.#### #####e# #.####
ee.†..# #.#... ####### #.#.##


You could see Duvessa (berserk).

Vanquished Creatures
  Pikel (D:5)
  Edmund (D:5)
  3 sky beasts
  A centaur (D:6)
  A phantom (D:6)
  Blork the orc (D:5)
  Dowan (D:6)
  A scorpion (D:5)
  A bullfrog skeleton (D:6)
  An iguana (D:6)
  An orc wizard (D:6)
  2 worker ants
  A hound skeleton (D:5)
  A worker ant zombie (D:5)
  3 gnolls
  4 adders
  2 shadow imps
  2 white imps
  An ooze (D:4)
  An adder zombie (D:5)
  An adder skeleton (D:4)
  5 worms
  2 dart slugs
  3 leopard geckos
  5 orcs
  4 giant cockroaches
  8 goblins
  6 hobgoblins
  5 jackals
  5 kobolds
  3 quokkas
  3 ball pythons
  7 bats
  5 frilled lizards
  A jackal skeleton (D:4)
  A leopard gecko skeleton (D:4)
  11 rats
105 creatures vanquished.

Vanquished Creatures (others)
  2 fungi (D:2)
  35 plants (D:5)
37 creatures vanquished.

Grand Total: 142 creatures vanquished

Notes
Turn   | Place    | Note
-------+----------+-------------------------------------------
     0 | D:1      | sahdkjhfkaj the Gargoyle Earth Elementalist began the quest
                  | for the Orb.
     0 | D:1      | Reached XP level 1. HP: 10/10 MP: 3/3
   144 | D:1      | Reached skill level 4 in Earth Magic
   210 | D:1      | Reached XP level 2. HP: 13/15 MP: 1/5
   858 | D:1      | Reached XP level 3. HP: 19/19 MP: 4/6
   860 | D:1      | Reached skill level 5 in Earth Magic
  1667 | D:2      | Reached XP level 4. HP: 24/24 MP: 5/7
  1670 | D:2      | Reached skill level 6 in Earth Magic
  2208 | D:3      | Found an opulent altar of Gozag.
  2336 | D:3      | Found a faded altar of an unknown god.
  2368 | D:3      | Reached XP level 5. HP: 28/28 MP: 6/8
  2686 | D:3      | Found a burning altar of Makhleb.
  2693 | D:3      | Found a glowing silver altar of Zin.
  2693 | D:3      | Noticed an angel
  2694 | D:3      | Noticed a blizzard demon
  2967 | D:4      | Learned a level 5 spell: Lee's Rapid Deconstruction
  3190 | D:4      | Reached skill level 7 in Earth Magic
  3719 | D:4      | Found Moafyfuo's Distillery.
  3780 | D:4      | Found a shimmering blue altar of Sif Muna.
  3933 | D:5      | Entered Level 5 of the Dungeon
  4010 | D:5      | Noticed a sky beast
  4024 | D:5      | Killed a sky beast
  4025 | D:5      | Reached skill level 8 in Earth Magic
  4025 | D:5      | Reached XP level 6. HP: 26/32 MP: 2/9
  4152 | D:5      | Noticed Edmund
  4159 | D:5      | Noticed Pikel
  4186 | D:5      | Killed Edmund
  4187 | D:5      | Reached skill level 9 in Earth Magic
  4207 | D:5      | Killed Pikel
  4208 | D:5      | Reached skill level 11 in Earth Magic
  4208 | D:5      | Reached XP level 7. HP: 7/36 MP: 2/10
  4208 | D:5      | Reached XP level 8. HP: 9/41 MP: 2/11
  4475 | D:5      | Noticed Blork the orc
  4484 | D:5      | Killed Blork the orc
  4660 | D:5      | Found a hazy altar of Hepliaklqana.
  5077 | D:6      | Reached skill level 12 in Earth Magic
  5196 | D:6      | Noticed Dowan
  5201 | D:6      | Noticed Duvessa
  5234 | D:6      | Killed Dowan
  5235 | D:6      | Slain by Duvessa

Illustrated notes

Levels and vault maps discovered:
D:1:      elethiomel_arrival_quiet, layout_basic, minmay_pentomino_p4
D:2:      layout_rooms, minmay_misc_feat_plants, minmay_shallow_snake_nest
D:3:      layout_basic, grunt_temple_overflow_order_and_chaos_2,
          grunt_gozag_breadcrumbs, chequers_ecumenical_altar_simple
D:4:      layout_basic, nicolae_sif_muna_little_library, serial_shops,
          kennysheep_mini
D:5:      layout_basic, lemuel_doored_altar, serial_bayou_pond_a,
          serial_bayou_lagoon_a, uniq_edmund, uniq_blork_the_orc, uniq_pikel
D:6:      minmay_recursive_quarters, layout_basic, serial_shops,
          nicolae_shop_waterfront, uniq_grinder, uniq_duvessa

Skill      XL: |  1  2  3  4  5  6  7  8 |
---------------+-------------------------+-----
Earth Magic    | 4 5 6 8 11 12 | 12.8
Dodging        | |  1.5
Stealth        | |  2.1
Spellcasting   | |  2.0
Transmutations | |  0.7

Action                   |  1- 3 |  4- 6 |  7- 9 || total
-------------------------+-------+-------+-------++-------
Melee: Unarmed           |    37 |     4 |       ||    41
       Short sword       |       |   121 |    50 ||   171
 Cast: Sandblast         |    56 |    53 |     1 ||   110
       Lee's Rapid Decon |       |     1 |    20 ||    21
  Use: Scroll            |       |       |     1 ||     1
Armor: Robe              |    29 |    64 |    39 ||   132
Dodge: Dodged            |    47 |    78 |    40 ||   165

Table legend: (Time is in decaauts)
 A = Elapsed time spent in this place.
 B = Non-inter-level travel time spent in this place.
 C = Inter-level travel time spent in this place.
 D = Time resting spent in this place.
 E = Time spent auto-exploring this place.
 F = Levels seen in this place.
 G = Mean time per level.
                   A        B        C        D        E       F      G
               +--------+--------+--------+--------+--------+-----+--------+
         Total |   5257 |   5172 |     85 |    244 |   3986 |   6 |  876.2 |
       Dungeon |   5257 |   5172 |     85 |    244 |   3986 |   6 |  876.2 |
               +--------+--------+--------+--------+--------+-----+--------+

Top non-repeatable levels by time:
     D:1: 1338 daAuts
     D:4: 1062 daAuts
     D:5: 1032 daAuts
     D:3: 779 daAuts
     D:2: 758 daAuts
     D:6: 285 daAuts
